 Dungeon Crawl Stone Soup version 0.17.1-3-g152610e (webtiles) character file.

23 MirrMurr the Sneak (level 2, -13/13 HPs)
             Began as a Spriggan Enchanter on Mar 30, 2016.
             Killed by nerve-wracking pain
             ... invoked by Jessica
              (14 damage)
             ... on level 2 of the Dungeon.
             The game lasted 00:03:42 (1379 turns).

MirrMurr the Sneak (Spriggan Enchanter)             Turns: 1379, Time: 00:03:42

Health: -13/13     AC:  4    Str:  4    XL:     2   Next: 72%
Magic:  0/6        EV: 18    Int: 16    God:
Gold:   38         SH:  0    Dex: 16    Spells: 2 memorised, 3 levels left

rFire  . . .     SeeInvis +     a - +1 dagger
rCold  . . .     Clarity  .     b - +2 robe
rNeg   . . .     SustAt   .     (shield restricted)
rPois  .         Gourm    .     (helmet restricted)
rElec  .         Spirit   .     (no cloak)
rCorr  .         Warding  .     (gloves unavailable)
rMut   .         Stasis   .     (boots unavailable)
MR     .....                    (no amulet)
Stlth  ++++......               (no ring)
                                (no ring)

@: very quick, not resistant to hostile enchantments, stealthy
A: unfitting armour, see invisible, herbivore 3, speed 3, slow metabolism 2
a: no special abilities


You were on level 2 of the Dungeon.
You were not hungry.

You visited 1 branch of the dungeon, and saw 2 of its levels.

You collected 38 gold pieces.

Inventory:

Hand Weapons
 a - a +1 dagger (weapon)
Missiles
 e - 85 stones (quivered)
Armour
 b - a +2 robe (worn)
Jewellery
 j - an uncursed ring of protection from fire {unknown}
Potions
 f - 2 potions of curing {unknown}
 h - a potion of heal wounds {unknown}
 i - a potion of flight
Books
 c - a book of Maledictions

   Spells                             Type                      Level
   a - Corona                         Hexes                        1
   b - Ensorcelled Hibernation        Hexes/Ice                    2
   c - Confuse                        Hexes                        3
   d - Tukima's Dance                 Hexes                        3
   e - Dazzling Spray                 Conjuration/Hexes            3
Comestibles
 d - a bread ration
 g - a royal jelly


   Skills:
 - Level 1.1 Short Blades
 - Level 3.0 Dodging
 + Level 6.2 Stealth
 - Level 2.6 Spellcasting
 - Level 3.6 Hexes


You had 3 spell levels left.
You knew the following spells:

 Your Spells              Type           Power        Failure   Level  Hunger
a - Ensorcelled Hibernat  Hex/Ice        #.....       17%         2    ##.....
c - Corona                Hex            ##.....      6%          1    #......


Dungeon Overview and Level Annotations

Branches:
Dungeon (2/15)

Altars:
Makhleb

Annotations:
D:2 Jessica, Robin, Terence


Innate Abilities, Weirdness & Mutations

You are tiny and cannot use many weapons and most armour.
You have supernaturally acute eyesight.
You are a herbivore.
You cover ground extremely quickly.
You need consume almost no food.


Message History

Aiming: Ensorcelled Hibernation
Press: ? - help, Shift-Dir - straight line, f/p - Jessica
Aim: Jessica, wielding a club and wearing a robe (chance to defeat MR: 48%) Jessica resists with some effort.
Jessica gestures at you while chanting. Pain shoots through your body!
Ouch! That really hurt!
* * * LOW HITPOINT WARNING * * *
You are too injured to fight recklessly!
Casting: Ensorcelled Hibernation
Confirm with . or Enter, or press ? or * to list all spells.
Aiming: Ensorcelled Hibernation
Press: ? - help, Shift-Dir - straight line, f/p - Jessica
Aim: Jessica, wielding a club and wearing a robe (chance to defeat MR: 48%) Jessica resists with some effort.
Jessica completely misses you.
You are too injured to fight recklessly!
Jessica gestures at you while chanting. Pain shoots through your body!
Ouch! That really hurt!
You die...

#### ...#
#(.# #..#
#..# ##..#
. #@..# ...
##.###.....
#...@......
#######.###


You could see Jessica.

Vanquished Creatures
  3 goblins (D:1)
  6 hobgoblins (D:1)
  3 kobolds
  5 bats
  A giant gecko (D:1)
  A rat (D:1)
19 creatures vanquished.

Notes
Turn   | Place    | Note
--------------------------------------------------------------
     0 | D:1      | MirrMurr the Spriggan Enchanter began the quest for the Orb.
     0 | D:1      | Reached XP level 1. HP: 9/9 MP: 5/5
   347 | D:1      | Reached skill level 5 in Stealth
   650 | D:1      | Reached XP level 2. HP: 13/13 MP: 6/6
   654 | D:1      | Learned a level 2 spell: Ensorcelled Hibernation
   967 | D:1      | Reached skill level 6 in Stealth
  1187 | D:2      | Noticed Robin
  1282 | D:2      | Noticed Terence
  1286 | D:2      | Found a burning altar of Makhleb.
  1371 | D:2      | Noticed Jessica
  1379 | D:2      | Killed from afar by Jessica

Action                   || total
-------------------------++-------
Melee: Dagger            ||    52
 Cast: Ensorcelled Hiber ||     5
  Use: Scroll            ||     6
 Stab: Sleeping          ||     9
       Distracted        ||     1
